 Dungeon Crawl Stone Soup version 0.28.0 (webtiles) character file.

Game seed: 17232892704102708079

646 Aldia the Ruffian (level 7, -3/70 HPs)
             Began as a Troll Monk on Feb 12, 2022.
             Slain by a killer bee (6 damage)
             ... on level 5 of the Dungeon.
             The game lasted 00:07:41 (2716 turns).

Aldia the Ruffian (Troll Monk)                      Turns: 2716, Time: 00:07:41

Health: -3/70      AC:  5    Str: 22    XL:     7   Next: 27%
Magic:  6/6        EV: 11    Int:  6    God:
Gold:   46         SH:  0    Dex: 12    Spells: 6/6 levels left

rFire   . . .      SeeInvis .     - Unarmed
rCold   . . .      Faith    .   (no shield)
rNeg    . . .      Spirit   .   a - +1 robe
rPois   .          Reflect  .   (helmet restricted)
rElec   .          Harm     .   (no cloak)
rCorr   .          Rampage  .   (gloves unavailable)
Will    .....                   (boots unavailable)
Stlth   ++........              (no amulet)
HPRegen 1.01/turn               (no ring)
MPRegen 0.10/turn               (no ring)

@: lethally poisoned (-3 -> -3)
A: large, unfitting armour, claws 3, regeneration 1, shaggy fur 1, tough skin 1
a: no special abilities


You were on level 5 of the Dungeon.
You visited 1 branch of the dungeon, and saw 5 of its levels.

You collected 189 gold pieces.
You spent 143 gold pieces at shops.

Inventory:

Armour
 a - a +1 robe (worn)
Scrolls
 d - a scroll of teleportation
 f - a scroll of immolation
 h - a scroll of blinking
 j - 3 scrolls of identify
 l - a scroll of enchant armour
 p - a scroll of enchant weapon
Potions
 b - a potion of berserk rage {unknown}
 c - a potion of ambrosia {unknown}
 e - 2 potions of invisibility
 g - 3 potions of curing
 i - a potion of cancellation {unknown}
 m - a potion of mutation {unknown}
 n - a potion of heal wounds


   Skills:
 + Level 4.0 Fighting
 + Level 4.0 Dodging
 - Level 1.0 Stealth
 * Level 6.4 Unarmed Combat


You had 6 spell levels left.
You didn't know any spells.
Your spell library contained the following spells:

 Spells                   Type           Power      Damage    Failure   Level
 Shock                    Conj/Air       0%         1d3       45%         1
 Slow                     Hex            0%         N/A       45%         1
 Sting                    Tmut/Pois      0%         1d3       45%         1
 Poisonous Vapours        Pois/Air       0%         N/A       58%         2
 Confusing Touch          Hex            0%         N/A       83%         3
 Conjure Flame            Conj/Fire      0%         6-21      83%         3
 Gell's Gravitas          Tloc           0%         N/A       83%         3
 Ignite Poison            Fire/Tmut/Pois 0%         N/A       83%         3
 Lesser Beckoning         Tloc           0%         N/A       83%         3
 Swiftness                Air            0%         N/A       83%         3
 Teleport Other           Tloc           0%         N/A       83%         3
 Vampiric Draining        Necr           0%         2d6       83%         3
 Airstrike                Air            0%         N/A       99%         4
 Olgreb's Toxic Radiance  Pois           0%         N/A       99%         4
 Sticky Flame             Conj/Fire      0%         2d3       99%         4
 Summon Forest            Summ/Tloc      0%         N/A       100%        5
 Eringya's Noxious Bog    Tmut/Pois      0%         N/A       100%        6
 Summon Hydra             Summ           0%         N/A       100%        7


Dungeon Overview and Level Annotations

Branches:
Dungeon (5/15)
 Temple: D:4-7

Altars:
Elyvilon
Sif Muna
Vehumet

Shops:
D:3 [(![*   D:4 =


Innate Abilities, Weirdness & Mutations

You are too large for most types of armour.
You have claws for hands.
Your natural rate of healing is unusually fast.
You are covered in fur. (AC +1)
You have tough skin. (AC +1)


Message History

* * * LOW HITPOINT WARNING * * *
You feel sick. The killer bee stings you!
* * * LOW HITPOINT WARNING * * *
The killer bee stings you.
* * * LOW HITPOINT WARNING * * *
The killer bee closely misses you.
You feel sick.
You feel sick.
You are no longer poisoned.
The killer bee barely misses you. The killer bee misses you.
The killer bee misses you.
Okay, then.
You scratch the killer bee.
The killer bee is heavily wounded.
The killer bee stings you but does no damage.
The killer bee closely misses you.
You miss the killer bee.
The killer bee is heavily wounded.
The killer bee stings you.
* * * LOW HITPOINT WARNING * * *
The killer bee stings you.
* * * LOW HITPOINT WARNING * * *
You are poisoned.
The killer bee poisons you!
You closely miss the killer bee.
The killer bee is heavily wounded.
You feel sick. The killer bee barely misses you.
The killer bee closely misses you.
You claw the killer bee!
The killer bee is almost dead.
You feel sick.
The killer bee stings you but does no damage.
You scratch the killer bee but do no damage.
The killer bee is almost dead.
You feel sick. The killer bee closely misses you.
The killer bee barely misses you.
You miss the killer bee.
The killer bee is almost dead.
You feel sick. The killer bee completely misses you. The killer bee stings you.
You die...

..#...##....# ###..#.>..#..#
......##....# #......#####,*
.....###....# #..........#,*
............# #..###.###.#,*
...........## #..#*#.##*,*,*
......###...###.J##...##,*,*
,..........###..yS.._...,,,*
,..........###.#y##...##,,**
,...##......J.y#@###.##*,,*
,............S.#.#*#.#**,,*
,,,............#..,,,,,,,,*
,,............#####*,,,,,,*
,,.8......#..## **,******
,,,...........*****,,*
,,,..8.........,,,,,**
*,,,.........##******
*,,,,8,8,,,,,*


You could see a jelly, 2 killer bees and an adder.

Vanquished Creatures
  A sky beast (D:4)
  A necrophage (D:4)
  A phantom (D:4)
  A water moccasin zombie (D:5)
  A howler monkey (D:4)
  A bullfrog zombie (D:5)
  A jelly (D:4)
  An orc priest (D:3)
  A hound (D:4)
  An orc wizard (D:3)
  A hound zombie (D:5)
  3 gnolls (D:4)
  5 adders
  8 orcs
  6 endoplasms
  3 giant cockroaches
  5 goblins
  5 hobgoblins
  2 quokkas
  8 ball pythons
  5 bats
  2 frilled lizards (D:2)
  4 kobolds
  5 rats (D:1)
72 creatures vanquished.

Notes
Turn   | Place    | Note
-------+----------+-------------------------------------------
     0 | D:1      | Aldia the Troll Monk began the quest for the Orb.
     0 | D:1      | Reached XP level 1. HP: 22/22 MP: 0/0
   130 | D:1      | Reached XP level 2. HP: 29/29 MP: 1/1
   394 | D:1      | Found a faded altar of an unknown god.
  1223 | D:2      | Reached XP level 3. HP: 22/36 MP: 2/2
  1476 | D:3      | Found Haip's Armour Shop.
  1531 | D:3      | Reached skill level 4 in Unarmed Combat
  1586 | D:3      | Found Verurgh's Weapon Shop.
  1602 | D:3      | Found Ubuc's Armour Boutique.
  1612 | D:3      | Reached XP level 4. HP: 44/44 MP: 3/3
  1659 | D:3      | Reached XP level 5. HP: 53/53 MP: 4/4
  1699 | D:3      | Found Wuxiski's Assorted Antiques.
  1731 | D:3      | Bought a scroll labelled ZUNULIRPHYN for 31 gold pieces
  1804 | D:3      | Found a faded altar of an unknown god.
  1807 | D:3      | Found a white marble altar of Elyvilon.
  1995 | D:3      | Found Nuilua's Distillery.
  2001 | D:3      | Bought a potion of heal wounds for 70 gold pieces
  2001 | D:3      | Bought a potion of curing for 42 gold pieces
  2138 | D:4      | Noticed a phantom
  2140 | D:4      | Noticed a sky beast
  2144 | D:4      | Killed a phantom
  2145 | D:4      | Reached skill level 5 in Unarmed Combat
  2154 | D:4      | Killed a sky beast
  2155 | D:4      | Reached XP level 6. HP: 7/61 MP: 5/5
  2156 | D:4      | HP: 3/61 [gnoll (6)]
  2157 | D:4      | Found Xyat Bue's Jewellery Shop.
  2439 | D:4      | Reached skill level 6 in Unarmed Combat
  2488 | D:4      | Found a shimmering blue altar of Sif Muna.
  2533 | D:4      | Reached XP level 7. HP: 68/68 MP: 6/6
  2614 | D:5      | Entered Level 5 of the Dungeon
  2644 | D:5      | Found a radiant altar of Vehumet.
  2714 | D:5      | HP: 3/70 [poisoned by a killer bee]
  2716 | D:5      | Slain by a killer bee

Illustrated notes

Levels and vault maps discovered:
D:1:      onia_arrival_pentagram, layout_loops_ring,
          shapermc_ecumenical_altar_acropolis, chequers_garden
D:2:      layout_basic, guppyfry_early_orc_mine
D:3:      layout_rooms, nicolae_overflow_ecumenical_swirl, serial_shops,
          nicolae_square_shop, shop, nicolae_shop_statue_plus,
          nicolae_shop_trees, shop, wad_floor_pattern_untrapped
D:4:      layout_gridville, marbit_many_paths, serial_shops, shop
D:5:      layout_cave_pools, nicolae_overflow_crystal_walls,
          serial_column_ruins, column_ruins_corridor_straight,
          column_ruins_open_large, column_ruins_grid_1, column_ruins_open_small,
          column_ruins_corridor_corner, minmay_circle_x, uniq_eustachio

Skill      XL: |  1  2  3  4  5  6  7 |
---------------+----------------------+-----
Unarmed Combat | 4 5 6 |  6.4
Fighting       | 3 4 |  4.0
Dodging        | 3 4 |  4.0
Stealth        | |  1.0

Action                   |  1- 3 |  4- 6 |  7- 9 || total
-------------------------+-------+-------+-------++-------
Melee: Unarmed           |    99 |    74 |    31 ||   204
       Punch             |     1 |     1 |       ||     2
  Use: Scroll            |       |     8 |     3 ||    11
 Stab: Sleeping          |     1 |     1 |       ||     2
Armor: Robe              |    37 |    17 |    14 ||    68
Dodge: Dodged            |    70 |    37 |    29 ||   136
